 Dungeon Crawl Stone Soup version 0.27-a0-1202-ge72e49191c (webtiles) character file.

Game seed: 15376722690386474274

9369 Ancestrald the Grappler (level 11, -4/151 (157) HPs)
             Began as a Troll Fighter on June 2, 2021.
             Was a Priest of Trog.
             Killed from afar by an orc sorcerer (22 damage)
             ... with a bolt of negative energy
             ... on level 1 of the Orcish Mines.
             The game lasted 01:02:24 (8993 turns).

Ancestrald the Grappler (Troll Fighter)             Turns: 8993, Time: 01:02:24

HP:   -4/151 (157)  AC:  6    Str: 28    XL:     11   Next: 22%
MP:   0/10          EV: 10    Int:  4    God:    Trog [***...]
Gold: 500           SH: 13    Dex: 10    Spells: 10/10 levels left

rFire    x . .     SeeInvis .     - Unarmed
rCold    + + .     Faith    .   b - +2 kite shield
rNeg     . . .     Spirit   +   p - +2 robe {rC+}
rPois    .         Reflect  .   (helmet restricted)
rElec    .         Harm     .   (no cloak)
rCorr    +         Rampage  .   (gloves unavailable)
Will     ++...                  (boots unavailable)
Stlth    ..........             g - amulet of guardian spirit
HPRegen  2.35/turn              j - ring of resist corrosion
MPRegen  0.12/turn              v - ring of ice

@: berserking (expiring), strong-willed, regenerating, lightly drained, very
quick
A: large, unfitting armour, claws 3, regeneration 1, shaggy fur 1, tough skin 1
a: Renounce Religion, Berserk, Trog's Hand


You were on level 1 of the Orcish Mines.
You worshipped Trog.
Trog was most pleased with you.
You visited 2 branches of the dungeon, and saw 10 of its levels.

You collected 500 gold pieces.

Inventory:

Hand Weapons
 a - the +5 whip of Fear {vorpal, Str+4}
   (You found it on level 9 of the Dungeon)

   It inflicts extra damage upon your enemies.
   It affects your strength (+4).
 c - a +4 scimitar
 n - a +1 whip of venom
 o - a +0 dagger of holy wrath
 q - a +4 great sword
 x - a +0 flail of holy wrath
 B - a +0 short sword
 E - a +4 great sword of freezing
 F - a +4 great sword
 G - a +2 long sword
 M - the +8 arc blade {discharge, rElec}
   (You found it on level 5 of the Dungeon)

   It insulates you from electricity.
 W - a +2 hand axe of venom
Missiles
 d - 307 stones (quivered)
 i - 70 poisoned darts
 m - a throwing net
 s - 90 arrows
 u - 9 large rocks
 D - 101 sling bullets
 H - 55 bolts
 Y - 4 curare-tipped darts
Armour
 b - a +2 kite shield (worn)
 p - a +2 robe of cold resistance (worn)
Jewellery
 f - a ring of fire
 g - an amulet of guardian spirit (around neck)
 j - a ring of resist corrosion (left claw)
 l - an amulet of reflection
 v - a ring of ice (right claw)
 Q - a ring of protection from fire
 S - a ring of poison resistance
 V - a +6 ring of intelligence
Wands
 N - a wand of digging (1)
 Z - a wand of iceblast (11)
Scrolls
 e - a scroll of noise {unknown}
 r - 4 scrolls of teleportation
 t - a scroll of magic mapping {unknown}
 y - 2 scrolls of amnesia {unknown}
 C - a scroll of enchant weapon {unknown}
 J - a scroll of fear {unknown}
 L - 2 scrolls of holy word
 R - 3 scrolls of identify
 T - 2 scrolls of vulnerability
 X - 2 scrolls of fog {unknown}
Potions
 h - 3 potions of heal wounds {unknown}
 k - a potion of might
 w - a potion of mutation {unknown}
 z - a potion of flight {unknown}
 A - a potion of curing
 I - a potion of brilliance {unknown}
 K - a potion of lignification {unknown}
 O - 3 potions of cancellation {unknown}
 P - 3 potions of haste {unknown}
 U - a potion of attraction {unknown}


   Skills:
 * Level 5.6 Fighting
 + Level 5.3 Dodging
 + Level 1.3 Stealth
 * Level 7.0 Shields
 * Level 12.9 Unarmed Combat


You had 10 spell levels left.
You didn't know any spells.
Your spell library contained the following spells:

 Spells                   Type           Power      Damage    Failure   Level
 Beastly Appendage        Tmut           0%         N/A       65%         1
 Corona                   Hex            0%         N/A       65%         1
 Foxfire                  Conj/Fire      0%         2x1d4     65%         1
 Magic Dart               Conj           0%         1d3       65%         1
 Summon Small Mammal      Summ           0%         N/A       65%         1
 Blink                    Tloc           N/A        N/A       78%         2
 Call Imp                 Summ           0%         N/A       78%         2
 Corpse Rot               Necr/Air       N/A        N/A       78%         2
 Ensorcelled Hibernation  Hex/Ice        0%         N/A       78%         2
 Slow                     Hex            0%         N/A       78%         2
 Wereblood                Tmut           0%         N/A       78%         2
 Call Canine Familiar     Summ           0%         N/A       95%         3
 Confusing Touch          Hex            0%         N/A       95%         3
 Conjure Flame            Conj/Fire      0%         6-21      95%         3
 Dazzling Flash           Conj/Hex       0%         N/A       95%         3
 Mephitic Cloud           Conj/Pois/Air  0%         N/A       95%         3
 Spider Form              Tmut/Pois      0%         N/A       95%         3
 Summon Guardian Golem    Hex/Summ       0%         N/A       95%         3
 Tukima's Dance           Hex            0%         N/A       95%         3
 Ice Form                 Ice/Tmut       0%         N/A       100%        4
 Summon Ice Beast         Ice/Summ       0%         N/A       100%        4
 Summon Lightning Spire   Summ/Air       0%         N/A       100%        4
 Hydra Form               Tmut           0%         N/A       100%        5
 Silence                  Hex/Air        0%         N/A       100%        5
 Starburst                Conj/Fire      0%         8x6d3     100%        6


Dungeon Overview and Level Annotations

Branches:
Dungeon (9/15)             Temple (0/1) D:4             Orc (1/2) D:9
   Lair: D:8-11

Altars:
Cheibriados
Dithmenos
Elyvilon
Makhleb
Nemelex Xobeh
Qazlal
Trog
Wu Jian
Xom
Yredelemnul
The Shining One

Shops:
D:6 (


Innate Abilities, Weirdness & Mutations

You are too large for most types of armour.
You have claws for hands.
Your natural rate of healing is unusually fast.
You are covered in fur. (AC +1)
You have tough skin. (AC +1)


Message History

The orc sorcerer hits you but does no damage.
You claw the orc sorcerer!
The orc sorcerer is almost dead.
The hellwing hits you. You block the hellwing's attack.
The orc warrior barely misses you. The orc barely misses you.
An orc comes into view. It is wielding a +0 falchion.
The ice devil hits you! The ice devil freezes you! You resist.
Your skin crawls.
You feel strong-willed.
The orc shouts!
The hellwing hits you! The hellwing closely misses you.
The orc warrior hits you from afar with a +0 glaive!!
* * * LOW HITPOINT WARNING * * *
The ice devil hits you but does no damage.
A red film seems to cover your vision as you go berserk!
You feel yourself moving faster!
You feel mighty!
The hellwing hits you but does no damage.
You block the hellwing's attack.
The orc warrior throws a boomerang.
You block the orc warrior's attack. You block the ice devil's attack.
You are too injured to fight recklessly!
You are too injured to fight recklessly!
You mangle something!! Trog accepts your kill.
Trog appreciates your killing of a magic user.
Reactivating autopickup.
You feel a bit more experienced. The orc sorcerer casts a spell at you.
The bolt of fire hits you!! The fire burns you terribly!
* * * LOW HITPOINT WARNING * * *
You block the hellwing's attack. The hellwing barely misses you.
You block the orc warrior's attack. The orc sorcerer barely misses you.
You feel a strong urge to attack something.
There is a staircase back to the Dungeon here.
The orc sorcerer gestures at you while chanting.
The bolt of negative energy hits the orc!!
The orc is drained!
The orc dies!
The bolt of negative energy hits you!!
You feel drained.
You die...

... ...# ....#
..... ......
......####
.......#.##
.......@..#
.......)4##
.......o.#
.......ooo#
.......O....
.......o......
...$......#....#
................
.......... ....


You could see an ice devil (summoned), an orc sorcerer, 2 orc warriors, an ogre
and 2 orcs.

Vanquished Creatures
  A centaur warrior (D:9)
  The ghost of nj0rd12 the Skirmisher, a novice DjCj of Makhleb (D:9)
  3 kobold demonologists (D:9)
  Prince Ribbit (D:5)
  4 wyverns
  A wraith (D:9)
  A human (D:9)
  14 yaks
  2 wargs (D:9)
  An orc warrior (Orc:1)
  2 black bears
  6 ogres
  2 necrophages
  A centaur (D:7)
  A phantom (D:4)
  12 kobold brigands (D:9)
  3 bullfrogs
  A scorpion (D:6)
  6 killer bees (D:8)
  7 wights
  3 howler monkeys
  3 centaur zombies
  2 bullfrog zombies
  3 jellies
  2 hounds (D:6)
  2 centaur skeletons (D:7)
  7 orc priests
  2 gnoll shamans (D:7)
  2 iguanas (D:4)
  6 orc wizards
  2 hound skeletons
  Robin (D:4)
  10 gnolls
  7 adders
  2 shadow imps (D:6)
  2 white imps
  An ufetubus (D:4)
  2 worms
  A dart slug (D:3)
  26 orcs
  7 endoplasms
  2 giant cockroaches
  8 hobgoblins
  6 jackals
  2 quokkas
  2 ball pythons
  5 bats
  2 frilled lizards
  27 goblins
  11 kobolds
  11 rats
  A spectral orc (D:4)
240 creatures vanquished.

Vanquished Creatures (others)
  An orc (Orc:1)
1 creature vanquished.

Grand Total: 241 creatures vanquished

Notes
Turn   | Place    | Note
-------+----------+-------------------------------------------
     0 | D:1      | Ancestrald the Troll Fighter began the quest for the Orb.
     0 | D:1      | Reached XP level 1. HP: 22/22 MP: 0/0
   172 | D:1      | Found a faded altar of an unknown god.
   190 | D:1      | Reached XP level 2. HP: 29/29 MP: 1/1
   624 | D:1      | Reached XP level 3. HP: 36/36 MP: 2/2
  1134 | D:2      | Reached skill level 3 in Unarmed Combat
  1169 | D:2      | Reached XP level 4. HP: 44/44 MP: 3/3
  1658 | D:3      | You fall into a shaft and drop 3 floors!
  1693 | D:6      | Noticed a scorpion
  1701 | D:6      | Killed a scorpion
  1702 | D:6      | Reached skill level 4 in Unarmed Combat
  1702 | D:6      | Reached XP level 5. HP: 42/53 MP: 4/4
  1866 | D:6      | Found an ornate altar of the Wu Jian Council.
  1970 | D:6      | Noticed an ogre
  1978 | D:6      | Killed an ogre
  1979 | D:6      | Reached skill level 5 in Unarmed Combat
  1979 | D:6      | Reached XP level 6. HP: 38/61 MP: 5/5
  2076 | D:5      | Entered Level 5 of the Dungeon
  2076 | D:5      | Found a shadowy altar of Dithmenos.
  2135 | D:5      | Noticed Prince Ribbit
  2164 | D:5      | Killed Prince Ribbit
  2165 | D:5      | Reached skill level 6 in Unarmed Combat
  2165 | D:5      | Reached XP level 7. HP: 31/67 MP: 6/6
  2868 | D:5      | Found the +8 arc blade {discharge, rElec}
  2885 | D:5      | HP: 2/68 [ogre/+0 giant club (31)]
  2889 | D:5      | Reached skill level 7 in Unarmed Combat
  2950 | D:5      | Reached XP level 8. HP: 78/78 MP: 7/7
  3379 | D:4      | Found a basalt altar of Yredelemnul.
  3550 | D:4      | Found a staircase to the Ecumenical Temple.
  3587 | D:4      | Reached skill level 8 in Unarmed Combat
  3703 | D:4      | Noticed Robin
  3724 | D:4      | Killed Robin
  4201 | D:3      | Found a white marble altar of Elyvilon.
  4201 | D:3      | Found a stormy altar of Qazlal.
  4201 | D:3      | Found a sparkling altar of Nemelex Xobeh.
  4201 | D:3      | Found a shimmering altar of Xom.
  4867 | D:3      | Noticed a moth of wrath
  4869 | D:3      | Found a bloodstained altar of Trog.
  4906 | D:3      | Became a worshipper of Trog the Wrathful
  5713 | D:6      | Found Kogia's Weapon Shop.
  5768 | D:6      | Found a burning altar of Makhleb.
  5775 | D:6      | Reached skill level 9 in Unarmed Combat
  6096 | D:7      | Reached XP level 9. HP: 50/84 MP: 3/8
  6106 | D:7      | Reached skill level 1 in Stealth
  6621 | D:7      | Reached skill level 5 in Shields
  7015 | D:8      | Reached skill level 10 in Unarmed Combat
  7032 | D:8      | Reached * piety under Trog
  7595 | D:8      | Identified Cueplah's Disquisition on the Aerial Arsonist
  7726 | D:9      | Reached XP level 10. HP: 94/94 MP: 7/9
  7797 | D:9      | Reached skill level 5 in Fighting
  7799 | D:9      | Reached skill level 11 in Unarmed Combat
  7818 | D:9      | Reached skill level 5 in Dodging
  7866 | D:9      | Reached ** piety under Trog
  7880 | D:9      | Found a staircase to the Orcish Mines.
  7949 | D:9      | Found a glowing golden altar of the Shining One.
  7950 | D:9      | Found a snail-covered altar of Cheibriados.
  8045 | D:9      | Reached skill level 12 in Unarmed Combat
  8232 | D:9      | Noticed a centaur warrior
  8252 | D:9      | Killed a centaur warrior
  8253 | D:9      | Reached XP level 11. HP: 65/104 MP: 3/10
  8266 | D:9      | Identified the +5 whip of Fear {vorpal, Str+4}
  8442 | D:9      | Found a runed translucent gate.
  8445 | D:9      | Found a runed translucent gate.
  8446 | D:9      | Found a runed translucent gate.
  8447 | D:9      | Noticed nj0rd12's ghost (novice DjCj)
  8464 | D:9      | Killed nj0rd12's ghost
  8799 | D:9      | Noticed a sun demon
  8968 | Orc:1    | Entered Level 1 of the Orcish Mines
  8973 | Orc:1    | Noticed an orc sorcerer
  8974 | Orc:1    | Reached *** piety under Trog
  8993 | Orc:1    | Killed from afar by an orc sorcerer

Illustrated notes

Levels and vault maps discovered:
D:1:      matt_arrival_debris, layout_basic, chequers_ecumenical_altar_island
D:2:      layout_basic
D:3:      layout_loops_corners, nicolae_overflow_hidden_temple, tgw_trog
D:4:      layout_gridville, yredelemnul_forgotten_temple_becter,
          temple_fountains, uniq_robin
D:5:      layout_rooms, grunt_dithmenos_smoke, uniq_prince_ribbit1
D:6:      layout_basic, makhleb_blood_cavern_becter, kennysheep_mini,
          serial_shops, shop
D:7:      layout_basic
D:8:      layout_gridville, serial_glass, glass_columns_c, glass_columns_b,
          glass_columns_a, glass_columns_c, glass_columns_a, glass_columns_a,
          glass_columns_b, glass_columns_a
D:9:      layout_loops_ring, amethyst_overflow_temple_binary, erik_orc_4,
          special_room [special_room_kobold], ebering_ghost_rock_garden,
          small_chamber_with_monster
Orc:1:    layout_caves, uniq_maurice

Skill      XL: |  1  2  3  4  5  6  7  8  9 10 11 |
---------------+----------------------------------+-----
Unarmed Combat | 3 4 5 6 7 9 10 12 | 12.9
Fighting       | 3 4 5 |  5.6
Shields        | 3 4 5 6 7 |  7.0
Dodging        | 3 4 5 |  5.3
Stealth        | 1 |  1.3

Action                   |  1- 3 |  4- 6 |  7- 9 | 10-12 || total
-------------------------+-------+-------+-------+-------++-------
Melee: Unarmed           |   108 |    60 |   318 |   229 ||   715
Throw: Stone             |       |     1 |     1 |       ||     2
       Throwing net      |       |       |     1 |       ||     1
Invok: Berserk           |       |       |     4 |     5 ||     9
       Trog's Hand       |       |       |       |     2 ||     2
  Use: Scroll            |       |     4 |     3 |       ||     7
       Potion            |       |     1 |     4 |       ||     5
 Stab: Sleeping          |     1 |       |     1 |       ||     2
Armor: Robe              |    27 |     8 |    69 |    46 ||   150
Dodge: Dodged            |    27 |    14 |   105 |    47 ||   193
Block: Kite shield       |    43 |    17 |   215 |   111 ||   386

Table legend: (Time is in decaauts)
 A = Elapsed time spent in this place.
 B = Non-inter-level travel time spent in this place.
 C = Inter-level travel time spent in this place.
 D = Time resting spent in this place.
 E = Time spent auto-exploring this place.
 F = Levels seen in this place.
 G = Mean time per level.
                   A        B        C        D        E       F      G
               +--------+--------+--------+--------+--------+-----+--------+
         Total |   9063 |   8934 |    129 |    648 |   3853 |  10 |  906.3 |
       Dungeon |   9042 |   8913 |    129 |    648 |   3853 |   9 | 1004.7 |
  Orcish Mines |     21 |     21 |      0 |      0 |      0 |   1 |   21.0 |
               +--------+--------+--------+--------+--------+-----+--------+

Top non-repeatable levels by time:
     D:5: 1326 daAuts
     D:9: 1281 daAuts
     D:3: 1079 daAuts
     D:4: 1059 daAuts
     D:6: 974 daAuts
     D:8: 923 daAuts
     D:2: 878 daAuts
     D:7: 768 daAuts
     D:1: 750 daAuts
   Orc:1: 21 daAuts
